 Dungeon Sprint DCSS version 0.30-a0-778-g2ef04afb54 (webtiles) character file.

Game seed: 2867906935895808883

1670 rocky1 the Unseen (level 9, -3/64 HPs)
             Began as an Octopode Brigand on Feb 15, 2023.
             Was an Initiate of Gozag.
             Slain by a shadow (12 damage)
             ... in the Dungeon (Sprint IX: "|||||||||||||||||||||||||||||").
             The game lasted 00:01:35 (355 turns).

rocky1 the Unseen (Octopode Brigand)                 Turns: 355, Time: 00:01:36

Health: -3/64      AC:  1    Str: 11    XL:     9   Next: 1%
Magic:  9/9        EV: 17    Int: 13    God:    Gozag
Gold:   666        SH:  0    Dex: 20    Spells: 8/8 levels left

rFire   . . .      SeeInvis .    l - +2 rapier (drain)
rCold   . . .      Faith    .    (no shield)
rNeg    . . .      Spirit   .    (helmet restricted)
rPois   .          Reflect  .    (no amulet)
rElec   .          Harm     .    m - +3 ring of dexterity
rCorr   .          Rampage  .    n - +2 ring of evasion
Will    .....      NoTele   +    (no ring)
Stlth   +++++++++                (no ring)
HPRegen 0.30/turn                (no ring)
MPRegen 0.11/turn                (no ring)
                                 (no ring)
                                 (no ring)

@: gold aura, invisible
A: almost no armour, amphibious, 8 rings, camouflage 1, gelatinous body 1,
(nimble swimmer 1), tentacles
a: Renounce Religion, Potion Petition, Call Merchant, Bribe Branch


You were in the Dungeon.
You worshipped Gozag.
Gozag was pleased with you.
You visited 1 branch You collected 666 gold pieces.

Inventory:

Hand Weapons
 a - a +2 dagger
 l - a +2 rapier of draining (weapon)
Missiles
 b - 9 poisoned darts
 c - 3 curare-tipped darts (quivered)
Jewellery
 m - a +3 ring of dexterity (left tentacle)
 n - a +2 ring of evasion (right tentacle)
Wands
 k - a wand of light (10)
Scrolls
 i - 2 scrolls of blinking
 j - 2 scrolls of amnesia
Potions
 d - 5 potions of curing
 e - 3 potions of heal wounds
 f - a potion of haste
 g - 4 potions of magic


   Skills:
 + Level 7.2 Fighting
 + Level 10.0 Short Blades
 + Level 5.0 Throwing
 + Level 3.9 Dodging
 + Level 20.0 Stealth


You had 8 spell levels left.
You didn't know any spells.
Your spell library was empty.

Dungeon Overview and Level Annotations

Branches:
Dungeon (1/1)

Altars:
Cheibriados
Dithmenos
Elyvilon
Fedhas
Gozag
Hepliaklqana
Kikubaaqudgha
Makhleb
Nemelex Xobeh
Okawaru
Qazlal
Ru
Sif Muna
Trog
Uskayaw
Vehumet
Wu Jian
Xom
Yredelemnul
Zin
The Shining One
Jiyva
Lugonu


Innate Abilities, Weirdness & Mutations

You cannot wear most types of armour.
You are amphibious.
You can wear up to eight rings at the same time.
Your skin changes colour to match your surroundings (Stealth+).
Your rubbery body absorbs attacks. (AC +1, EV +1)
((You are camouflaged when in or above water. (Stealth+)))
You have tentacles for arms and can constrict up to eight enemies at once.


Message History

Deactivating autopickup; reactivate with Ctrl-A.
The troll bites you! The troll completely misses you.
The troll closely misses you.
Things that are here:
189 gold pieces; 3 large rocks You catch the helpless troll completely off-guard!
You skewer the troll like a kebab!!!
You kill the troll!
The eight-headed hydra is distracted by your dazzling golden aura.
Your Short Blades skill increases to level 10!
Your Throwing skill increases to level 5!
Your Stealth skill increases to level 20!
You have reached level 9!
Your experience leads to an increase in your attributes!
Your base attributes are Str 11, Int 13, Dex 15.
Increase (S)trength, (I)ntelligence, or (D)exterity?
You feel agile. x2
Unknown command.
You miss something.
The shadow strikes at you from the darkness!
Ouch! That really hurt!
Reactivating autopickup.
The eight-headed hydra roars!
You barely miss the shadow. The shadow misses you.
The vampire mosquito buzzes angrily.
You hit the shadow.
The shadow is moderately damaged.
The shadow hits you!
* * * LOW HITPOINT WARNING * * *
The vampire mosquito buzzes angrily.
You hit the shadow. You squeeze the shadow.
The shadow is heavily damaged.
The acid dragon roars!
The eight-headed hydra is no longer distracted by gold.
The vampire mosquito buzzes angrily.
The eight-headed hydra roars!
You hit the shadow. You squeeze the shadow.
The shadow is severely damaged.
The shadow hits you!
You die...
Your body crumbles into a pile of gold.

▓'▓
$ $
▓)▓
▓)▓
$ $
▓.▓
$
▓.▓
$ $
▓.▓
$
▓.▓
$
▓'▓
▓@▓
▓W▓
▓y▓
▓D▓
▓.▓
▓D▓
▓+▓


You could see an eight-headed hydra (wandering, unable to see you), an acid
dragon (wandering, unable to see you), a vampire mosquito (wandering, unable to
see you) and a shadow.

Vanquished Creatures
  A cyclops (D)
  A komodo dragon (D)
  A troll (D)
  3 yaks (D)
  An orc warrior (D)
  A black bear (D)
  A centaur (D)
  2 scorpions (D)
  A howler monkey (D)
  A worm (D)
  A bat (D)
  An endoplasm (D)
  A goblin (D)
  2 rats (D)
18 creatures vanquished.

Notes
Turn   | Place    | Note
-------+----------+-------------------------------------------
     0 | D        | rocky1 the Octopode Brigand began the quest for the Orb.
     0 | D        | Reached XP level 1. HP: 14/14 MP: 1/1
    10 | D        | Reached skill level 6 in Stealth
    37 | D        | Noticed a howler monkey
    37 | D        | Noticed a scorpion
    37 | D        | Noticed a black bear
    37 | D        | Noticed a scorpion
    43 | D        | Reached skill level 7 in Stealth
    43 | D        | Reached XP level 2. HP: 20/20 MP: 2/2
    46 | D        | Killed a howler monkey
    47 | D        | Reached skill level 9 in Stealth
    47 | D        | Reached XP level 3. HP: 26/26 MP: 3/3
    50 | D        | Killed a scorpion
    51 | D        | Reached skill level 11 in Stealth
    51 | D        | Reached XP level 4. HP: 32/32 MP: 4/4
    55 | D        | Killed a black bear
    56 | D        | Reached skill level 5 in Short Blades
    56 | D        | Reached skill level 13 in Stealth
    56 | D        | Reached XP level 5. HP: 37/37 MP: 5/5
    59 | D        | Reached XP level 6. HP: 43/44 MP: 6/6
   106 | D        | Found a snail-covered altar of Cheibriados.
   106 | D        | Found a shadowy altar of Dithmenos.
   106 | D        | Found a white marble altar of Elyvilon.
   106 | D        | Found a blossoming altar of Fedhas.
   106 | D        | Found an opulent altar of Gozag.
   107 | D        | Found a hazy altar of Hepliaklqana.
   108 | D        | Found a viscous altar of Jiyva.
   109 | D        | Found an ancient bone altar of Kikubaaqudgha.
   110 | D        | Found a corrupted altar of Lugonu.
   111 | D        | Found a burning altar of Makhleb.
   112 | D        | Found a sparkling altar of Nemelex Xobeh.
   113 | D        | Found an iron altar of Okawaru.
   114 | D        | Became a worshipper of Gozag Ym Sagoz the Greedy
   115 | D        | Found a stormy altar of Qazlal.
   116 | D        | Found a sacrificial altar of Ru.
   117 | D        | Found a shimmering blue altar of Sif Muna.
   118 | D        | Found a bloodstained altar of Trog.
   119 | D        | Found a hide-covered altar of Uskayaw.
   120 | D        | Found a radiant altar of Vehumet.
   121 | D        | Found an ornate altar of the Wu Jian Council.
   122 | D        | Found a shimmering altar of Xom.
   123 | D        | Found a basalt altar of Yredelemnul.
   124 | D        | Found a glowing silver altar of Zin.
   125 | D        | Found a glowing golden altar of the Shining One.
   161 | D        | Noticed a yak
   161 | D        | Noticed a komodo dragon
   161 | D        | Noticed a yak
   161 | D        | Noticed an orc warrior
   161 | D        | Noticed a yak
   163 | D        | Killed a yak
   164 | D        | Reached skill level 5 in Fighting
   164 | D        | Reached skill level 15 in Stealth
   166 | D        | Reached skill level 16 in Stealth
   166 | D        | Reached XP level 7. HP: 44/50 MP: 7/7
   171 | D        | Killed a komodo dragon
   172 | D        | Reached skill level 17 in Stealth
   178 | D        | Killed a yak
   179 | D        | Reached skill level 18 in Stealth
   179 | D        | Reached XP level 8. HP: 41/57 MP: 8/8
   190 | D        | Killed a yak
   345 | D        | Noticed a cyclops
   345 | D        | Noticed a troll
   345 | D        | Noticed a shadow
   345 | D        | Noticed an eight-headed hydra
   348 | D        | Killed a cyclops
   349 | D        | Reached skill level 19 in Stealth
   350 | D        | Killed a troll
   351 | D        | Reached skill level 10 in Short Blades
   351 | D        | Reached skill level 5 in Throwing
   351 | D        | Reached skill level 20 in Stealth
   351 | D        | Reached XP level 9. HP: 55/64 MP: 9/9
   355 | D        | Slain by a shadow

Illustrated notes

Levels and vault maps discovered:
D:        linesprint [early_d, line_temple, items_1, d_10, items_2, lair_1,
          lair_end, items_3, orc_1, orc_end, items_4, d_15, swamp_1, shoals_1,
          snake_1, spider_1, d_20, vaults_1, items_5, swamp_end, shoals_end,
          snake_end, spider_end, vaults_end, d_27, items_6, zot_1, zot_end,
          crypt_end, forest_end, elf_end, slime_end, tomb_end, abyss_end,
          pan_hell_end]

Skill      XL: |  1  2  3  4  5  6  7  8 |
---------------+-------------------------+-----
Stealth        | 7 9 11 13 16 18 20 | 20.0
Fighting       | 3 4 5 6 7 |  7.2
Short Blades   | 3 4 5 6 7 8 10 | 10.0
Throwing       | 3 4 5 |  5.0
Dodging        | 2 3 |  3.9

Action                     |  1- 3 |  4- 6 |  7- 9 || total
---------------------------+-------+-------+-------++-------
  Melee: Dagger            |    20 |     7 |       ||    27
         Tentacles         |     4 |     3 |    10 ||    17
         Constrict         |     4 |     2 |     1 ||     7
         Rapier            |       |     3 |    31 ||    34
         Punch             |       |       |     1 ||     1
  Throw: Dart              |       |       |     1 ||     1
    Use: Potion            |     1 |       |     1 ||     2
   Stab: Sleeping          |       |     1 |       ||     1
         Invisible         |       |       |     2 ||     2
         Distracted        |       |       |     1 ||     1
 Armour: Skin              |     3 |       |       ||     3
  Dodge: Dodged            |     8 |     4 |    14 ||    26

Table legend: (Time is in decaauts)
 A = Elapsed time spent in this place.
 B = Non-inter-level travel time spent in this place.
 C = Inter-level travel time spent in this place.
 D = Time resting spent in this place.
 E = Time spent auto-exploring this place.
 F = Levels seen in this place.
 G = Mean time per level.
                   A        B        C        D        E       F      G
               +--------+--------+--------+--------+--------+-----+--------+
         Total |    349 |    349 |      0 |    213 |      0 |   1 |  349.0 |
       Dungeon |    349 |    349 |      0 |    213 |      0 |   1 |  349.0 |
               +--------+--------+--------+--------+--------+-----+--------+

Top non-repeatable levels by time:
       D: 349 daAuts
